 Zot Defence DCSS version 0.15.2 (webtiles) character file.

2973 blackwizard the Caller (level 9, -1/80 HPs)
             Began as a Troll Summoner on May 26, 2017.
             Slain by Shrir the boring beetle (shapeshifter) (27 damage)
             ... in the Realm of Zot (Scenario V: Glassed Sandwich).
             The game lasted 00:22:59 (2306 turns).

blackwizard the Caller (Troll Summoner)             Turns: 2306, Time: 00:22:59

HP  -1/80        AC  5     Str 21      XL: 9   Next: 53%
MP   8/17        EV 11     Int 11      God:
Gold 0           SH  0     Dex 10      Spells:  3 memorised,  8 levels left

rFire  . . .     SeeInvis .     k - +0 blowgun
rCold  . . .     Clarity  .     a - +0 robe
rNeg   . . .     rCorr    .     (shield restricted)
rPois  .         rRot     .     (helmet restricted)
rElec  .         Spirit   .     (no cloak)
SustAb .         Warding  .     (gloves unavailable)
rMut   .         Stasis   .     (boots unavailable)
Gourm  +                        (no amulet)
MR     .....                    (no ring)
                                (no ring)

@: not resistant to hostile enchantments, very unstealthy
A: unfitting armour, claws 3, fast metabolism 3, gourmand, regeneration 2,
saprovore 2, shaggy fur 1, tough skin 2
a: Make oklob sapling, Make arrow trap, Make plant, Remove Curse, Make burning
bush, Make altar, Make grenades, Make oklob plant, Make net trap, Make ice
statue


You were in the Realm of Zot.
You were not hungry.

You visited 1 branch

Inventory:

Hand weapons
 j - a +0 club
 k - a +0 blowgun (weapon)
Missiles
 l - 7 curare-tipped needles (quivered)
Armour
 a - a +0 robe (worn)
Comestibles
 d - 2 meat rations
Scrolls
 i - a scroll of blinking
Potions
 c - 3 potions of curing
 e - a potion of heal wounds
 f - a potion of haste
 g - 2 potions of magic
 h - a potion of berserk rage
Books
 b - a book of Callings

   Spells                             Type                      Level
   *Summon Small Mammal               Summoning                    1
   Call Imp                           Summoning                    2
   Call Canine Familiar               Summoning                    3
   Summon Guardian Golem              Hexes/Summoning              4
   *Summon Lightning Spire            Summoning/Air                4
   *Summon Ice Beast                  Ice/Summoning                4


   Skills:
 + Level 2.8 Fighting
 + Level 2.5 Maces & Flails
 + Level 4.1 Dodging
 - Level 1.1 Stealth
 + Level 1.9 Unarmed Combat
 + Level 4.8 Spellcasting
 + Level 6.5 Summonings
 + Level 1.2 Ice Magic
 + Level 1.9 Air Magic


You had 8 spell levels left.
You knew the following spells:

 Your Spells              Type           Power        Failure   Level  Hunger
a - Summon Small Mammal   Summ           ###.         1%          1    None
b - Summon Lightning Spi  Summ/Air       ##......     45%         4    ####...
c - Summon Ice Beast      Ice/Summ       ##......     45%         4    ####...


Dungeon Overview and Level Annotations

Branches:
    Zot (1/1)

Altars:

Annotations:
Zot Gastronok, Pikel


Innate Abilities, Weirdness & Mutations

You are too large for most types of armour.
You have claws for hands.
Your metabolism is lightning-fast.
You like to eat raw meat.
You heal very quickly.
You can eat rotten meat.
You are covered in fur (AC +1).
You have very tough skin (AC +2).


Message History

Shrir bites you!!
Stiygg Yqete blinks!
The phantasmal warrior blinks!
Stiygg Yqete blinks!
Your ice beast barely misses Stiygg Yqete.
Stiygg Yqete hits your ice beast! Shrir bites you.
You barely miss Shrir.
The phantasmal warrior blinks!
The phantom blinks!
The phantasmal warrior hits your ice beast!
Your ice beast dies!
The insubstantial wisp blinks!
Shrir closely misses you.
You clumsily bash Shrir but do no damage.
The phantasmal warrior blinks!
Stiygg Yqete blinks!
You barely miss Shrir. Shrir closely misses you.
The phantasmal warrior blinks!
You clumsily bash Shrir but do no damage.
The spectral worker ant waves its antennae.
Shrir barely misses you.
You clumsily bash Shrir but do no damage.
The phantom blinks!
Shrir bites you!!
The phantasmal warrior blinks!
The phantom blinks! x2
You clumsily bash Shrir but do no damage.
The phantasmal warrior blinks!
The phantom blinks!
Shrir bites you!!
You die...

r...l............▓
.................▓
...w.............▓
.................▓
▓▓▓▓▓▓▓▓▓▓▓▓▓▓▓▓▓▓
sS**.JgSWKW.W....▓


aFgWoslJ5{ZW.....▓ aW.W.oosh.vW..<.B▓ J..{sss.ZW...W..@▓ lggsWZW.Zv...§...▓
▓▓▓▓▓▓▓▓▓▓▓▓▓▓▓▓▓▓ You could see 2 phantasmal warriors, Stiygg Yqete the
phantasmal warrior, Shrir the boring beetle shaped shifter, a spectral
six-headed hydra, a spectral worker ant, a spectral centaur, Pikel, 3 phantoms,
a hound and 2 insubstantial wisps.

Vanquished Creatures
  A crimson imp (Zot)
  A hound (Zot)
  2 iguanas (Zot)
  A shadow imp (Zot)
  An adder (Zot)
  A worm zombie (Zot)
  A giant mite (Zot)
  3 worms (Zot)
  An ooze (Zot)
  A ball python (Zot)
  3 bat zombies (Zot)
  A giant cockroach (Zot)
  5 goblins (Zot)
  A hobgoblin (Zot)
  2 jackals (Zot)
  3 quokkas (Zot)
  10 bats (Zot)
  A giant cockroach zombie (Zot)
  A giant mite zombie (Zot)
  A giant newt zombie (Zot)
  A goblin zombie (Zot)
  A hobgoblin zombie (Zot)
  5 kobolds (Zot)
  A kobold zombie (Zot)
  3 rats (Zot)
  A rat zombie (Zot)
53 creatures vanquished.

Vanquished Creatures (collateral kills)
  Sonja (Zot)
  A vampire mosquito (Zot)
  A boggart (Zot)
  Blork the orc (Zot)
  3 giant frogs (Zot)
  A scorpion (Zot)
  2 killer bees (Zot)
  2 giant frog zombies (Zot)
  A kobold zombie (Zot)
  2 hounds (Zot)
  4 worker ants (Zot)
  5 iguanas (Zot)
  2 worker ant zombies (Zot)
  A gnoll (Zot)
  2 green rats (Zot)
  9 adders (Zot)
  A worm zombie (Zot)
  A giant mite (Zot)
  A worm (Zot)
  3 orcs (Zot)
  A ball python (Zot)
  2 bat zombies (Zot)
  4 giant cockroaches (Zot)
  A gnoll zombie (Zot)
  10 goblins (Zot)
  5 hobgoblins (Zot)
  An ooze (Zot)
  3 quokkas (Zot)
  6 bats (Zot)
  2 giant cockroach zombies (Zot)
  3 giant newts (Zot)
  2 goblin zombies (Zot)
  4 rats (Zot)
88 creatures vanquished.

Vanquished Creatures (others)
  An eldritch tentacle (Zot)
  Maurice (Zot)
  A deep elf mage (Zot)
  A wyvern (Zot)
  A vampire mosquito (Zot)
  A hound (Zot)
  A gnoll shaman (Zot)
  3 ice beasts (Zot)
  3 iguanas (Zot)
  A worker ant (Zot)
  2 adders (Zot)
  4 lightning spires (Zot)
  An ooze (Zot)
  2 orcs (Zot)
  2 bat zombies (Zot)
  11 quokkas (Zot)
  17 bats (Zot)
  A giant cockroach (Zot)
  A goblin (Zot)
  30 rats (Zot)
  64 eldritch tentacle segments (Zot)
149 creatures vanquished.

Grand Total: 290 creatures vanquished

Notes
Turn   | Place    | Note
--------------------------------------------------------------
     0 | Zot      | blackwizard, the Troll Summoner, began the quest for the Orb.
     0 | Zot      | Reached XP level 1. HP: 16/16 MP: 2/2
   197 | Zot      | Reached skill level 3 in Summonings
   230 | Zot      | Reached XP level 2. HP: 24/24 MP: 2/2
   334 | Zot      | Reached XP level 3. HP: 27/31 MP: 3/3
   418 | Zot      | Reached XP level 4. HP: 39/39 MP: 4/4
   425 | Zot      | Reached skill level 1 in Unarmed Combat
   425 | Zot      | Reached skill level 4 in Summonings
   425 | Zot      | Reached XP level 5. HP: 44/46 MP: 4/4
   644 | Zot      | Reached XP level 6. HP: 54/54 MP: 4/6
   708 | Zot      | Reached skill level 1 in Fighting
   709 | Zot      | Reached skill level 1 in Maces & Flails
   761 | Zot      | Noticed Pikel
   847 | Zot      | Noticed Grogae
   956 | Zot      | Noticed Blork the orc
  1164 | Zot      | Noticed Chiywk
  1179 | Zot      | Reached XP level 7. HP: 62/62 MP: 3/8
  1196 | Zot      | Learned a level 4 spell: Summon Lightning Spire
  1264 | Zot      | Noticed Maurice
  1385 | Zot      | Reached skill level 5 in Summonings
  1385 | Zot      | Killed Grogae the wyvern
  1400 | Zot      | Killed Chiywk the deep elf mage
  1400 | Zot      | Reached XP level 8. HP: 72/72 MP: 4/11
  1430 | Zot      | Learned a level 4 spell: Summon Ice Beast
  1537 | Zot      | Noticed Gastronok
  1552 | Zot      | Noticed Sonja
  1553 | Zot      | Noticed an eldritch tentacle
  1565 | Zot      | Killed Maurice
  1565 | Zot      | Reached skill level 1 in Air Magic
  1570 | Zot      | Killed an eldritch tentacle
  1596 | Zot      | Noticed a slime creature
  1611 | Zot      | Noticed a slime creature
  1624 | Zot      | Noticed a slime creature
  1635 | Zot      | Noticed a slime creature
  1650 | Zot      | Noticed a black draconian
  1652 | Zot      | Noticed an orb of fire
  1655 | Zot      | Noticed a storm dragon
  1658 | Zot      | Noticed a moth of wrath
  1663 | Zot      | Noticed Shrir
  1668 | Zot      | Noticed Shrir
  1668 | Zot      | Shrir the fire crab changed into Shrir the elf
  1683 | Zot      | Noticed Shrir
  1683 | Zot      | Shrir the elf changed into Shrir the boulder beetle
  1730 | Zot      | Noticed a slime creature
  1861 | Zot      | Killed Sonja
  1861 | Zot      | Reached skill level 6 in Summonings
  1861 | Zot      | Reached XP level 9. HP: 80/80 MP: 5/16
  1878 | Zot      | Noticed Shrir
  1878 | Zot      | Noticed an eidolon
  1880 | Zot      | Noticed a death cob
  1882 | Zot      | Noticed Shrir
  1882 | Zot      | Shrir the sea snake changed into Shrir the hill giant
  1883 | Zot      | Shrir the hill giant changed into Shrir the slime creature
  1942 | Zot      | Noticed a death cob
  1947 | Zot      | Reached skill level 1 in Ice Magic
  1962 | Zot      | Noticed Shrir
  1987 | Zot      | Killed Blork the orc
  1989 | Zot      | Noticed Shrir
  2013 | Zot      | Noticed a phantasmal warrior
  2016 | Zot      | Noticed Shrir
  2016 | Zot      | Shrir the boring beetle changed into Shrir the salamander
  2030 | Zot      | Noticed Shrir
  2030 | Zot      | Shrir the salamander changed into Shrir the mana viper
  2034 | Zot      | Noticed Shrir
  2034 | Zot      | Shrir the mana viper changed into Shrir the deep troll
  2036 | Zot      | Noticed a spectral centaur
  2037 | Zot      | Noticed Stiygg Yqete
  2092 | Zot      | Noticed a spectral six-headed hydra
  2093 | Zot      | Noticed Shrir
  2093 | Zot      | Shrir the deep troll changed into Shrir the torpor snail
  2110 | Zot      | Noticed a phantasmal warrior
  2143 | Zot      | Noticed Shrir
  2151 | Zot      | Noticed Shrir
  2151 | Zot      | Shrir the manticore changed into Shrir the komodo dragon
  2172 | Zot      | Shrir the komodo dragon changed into Shrir the trapdoor spider
  2256 | Zot      | Noticed Shrir
  2256 | Zot      | Shrir the hippogriff changed into Shrir the harpy
  2284 | Zot      | Shrir the harpy changed into Shrir the boring beetle
  2306 | Zot      | Slain by Shrir the boring beetle (shapeshifter)

Action                   |  1- 3 |  4- 6 |  7- 9 || total
-------------------------+-------+-------+-------++-------
Melee: Unarmed           |    52 |     8 |       ||    60
       Club              |       |   300 |     5 ||   305
       Blowgun           |       |       |    23 ||    23
 Cast: Summon Small Mamm |     2 |    65 |    10 ||    77
       Summon Lightning  |       |       |     8 ||     8
       Summon Ice Beast  |       |       |     4 ||     4
